[Event "34th MPL National U12 Chess-ch 2022"]
[Site "Mysore"]
[Date "2022.04.09"]
[Round "1.1"]
[White "Adireddy Arjun"]
[Black "Ratul Majumder"]
[Result "1-0"]
[ECO "C42"]
[WhiteElo "1796"]
[BlackElo "1059"]
[Annotator "NA RC"]
[PlyCount "89"]
[EventDate "2022.04.09"]
[EventCountry "IND"]
[SourceTitle "playchess.com"]
[Source "ChessBase"]
[SourceQuality "1"]
[TimeControl "5400+30"]

1. e4 e5 2. Nf3 Nf6 3. Nxe5 d6 4. Nf3 Nxe4 5. d4 d5 6. Bd3 Bd6 7. O-O O-O 8. c4 c6 9. Nc3 Nxc3 10. bxc3 dxc4 11. Bxc4 Bf5 12. Bd3 Qf6 13. Bg5 Qg6 14. Nh4 Qxg5 15. Nxf5 Bc7 16. f4 Qf6 17. Qf3 Nd7 18. Qh3 h6 19. Nxg7 Qxg7 20. Qxd7 Bb6 21. Rad1 Kh8 22. Qf5 Rg8 23. g3 Rac8 24. Kh1 c5 25. d5 Rcd8 26. Rde1 Ba5 27. Re7 Bxc3 28. Rxf7 Rgf8 29. Qh7+ Qxh7 30. Rxh7+ Kg8 31. Rxb7 Rf7 32. Rxf7 Kxf7 33. Rf2 Kf6 34. Bc4 Re8 35. Re2 Rxe2 36. Bxe2 a5 37. h4 Ke7 38. Kg2 Kd6 39. Bc4 h5 40. Kf3 Be1 41. g4 Bxh4 42. gxh5 Ke7 43. Kg4 Bf6 44. Kf5 Kf7 45. d6+ 1-0

[Event "34th MPL National U12 Chess-ch 2022"]
[Site "Mysore"]
[Date "2022.04.09"]
[Round "1.2"]
[White "Madhav S Nair"]
[Black "Vaz, Ethan"]
[Result "0-1"]
[ECO "A22"]
[WhiteElo "1087"]
[BlackElo "1384"]
[Annotator "NA RC"]
[PlyCount "50"]
[EventDate "2022.04.09"]
[EventCountry "IND"]
[SourceTitle "playchess.com"]
[Source "ChessBase"]
[SourceQuality "1"]
[TimeControl "5400+30"]

1. c4 e5 2. Nc3 Nf6 3. d3 d5 4. cxd5 Nxd5 5. g3 Nc6 6. a3 Be6 7. Bg2 Nd4 8. e3 Nxc3 9. bxc3 Bb3 10. Qh5 Nc2+ 11. Kd2 Nxa1 12. Bb2 Bc4 13. Qxe5+ Be7 14. Qd4 Nb3+ 15. Kc2 Nxd4+ 16. cxd4 Ba6 17. Ne2 c5 18. Nf4 cxd4 19. Bxd4 Bf6 20. Bxf6 Qxf6 21. Rb1 g5 22. Nh3 Rc8+ 23. Kd1 Bxd3 24. Rxb7 Qc3 25. Bf3 Qc1# 0-1

[Event "34th MPL National U12 Chess-ch 2022"]
[Site "Mysore"]
[Date "2022.04.09"]
[Round "1.3"]
[White "Mrinmoy Rajkhowa"]
[Black "Sahrudh M P"]
[Result "1-0"]
[ECO "B35"]
[WhiteElo "1634"]
[BlackElo "1087"]
[Annotator "NA RC"]
[PlyCount "87"]
[EventDate "2022.04.09"]
[EventCountry "IND"]
[SourceTitle "playchess.com"]
[Source "ChessBase"]
[SourceQuality "1"]
[TimeControl "5400+30"]

1. e4 c5 2. Nf3 g6 3. d4 cxd4 4. Nxd4 Bg7 5. Nc3 Nc6 6. Be3 Nf6 7. Bc4 O-O 8. Bb3 Qc7 9. f3 a6 10. Qd2 b5 11. O-O-O Bb7 12. h4 h5 13. Kb1 Rfd8 14. g4 e6 15. Qf2 hxg4 16. Nxc6 Qxc6 17. Bg5 Rdc8 18. h5 Nh7 19. Bh6 g5 20. Bxg7 Kxg7 21. Qd4+ Nf6 22. h6+ Kg6 23. e5 gxf3 24. exf6 e5 25. Qxd7 Qxd7 26. Rxd7 g4 27. Rxb7 Kf5 28. Bd5 Rab8 29. Rxb8 Rxb8 30. h7 Rh8 31. Ne4 Kf4 32. Kc1 Ke3 33. Kd1 f2 34. Nxf2 Kxf2 35. Bxf7 g3 36. Bg8 g2 37. Rh2 e4 38. f7 e3 39. f8=Q+ Kg1 40. Qf4 e2+ 41. Kxe2 a5 42. Qg3 Rxg8 43. hxg8=R a4 44. Qxg2# 1-0

[Event "34th MPL National U12 Chess-ch 2022"]
[Site "Mysore"]
[Date "2022.04.09"]
[Round "1.5"]
[White "Tanmay Rajbongshi"]
[Black "Abhiraj De"]
[Result "1-0"]
[ECO "B22"]
[WhiteElo "1516"]
[BlackElo "1085"]
[Annotator "NA RC"]
[PlyCount "62"]
[EventDate "2022.04.09"]
[EventCountry "IND"]
[SourceTitle "playchess.com"]
[Source "ChessBase"]
[SourceQuality "1"]
[TimeControl "5400+30"]

1. e4 c5 2. Nf3 Nc6 3. c3 e6 4. d4 d5 5. exd5 exd5 6. Bb5 Nf6 7. O-O Be7 8. dxc5 Bxc5 9. Bg5 Be6 10. Ne5 Qc7 11. Bf4 Bd6 12. Re1 O-O 13. Bxc6 bxc6 14. Nd2 Ng4 15. Ndf3 Nxe5 16. Bxe5 Bg4 17. Qd3 Bxf3 18. Bxd6 Qxd6 19. Qxf3 Rae8 20. g3 Re6 21. Re3 Rfe8 22. Rae1 g6 23. b4 a6 24. a4 Rxe3 25. Rxe3 Rxe3 26. Qxe3 Qe6 27. Qd3 Qe1+ 28. Kg2 Qe4+ 29. Qxe4 dxe4 30. c4 Kf8 31. b5 e3 1-0

[Event "34th MPL National U12 Chess-ch 2022"]
[Site "Mysore"]
[Date "2022.04.09"]
[Round "1.6"]
[White "Rudransh Khare"]
[Black "Jain, Kushagra"]
[Result "0-1"]
[ECO "D02"]
[WhiteElo "1078"]
[BlackElo "1452"]
[Annotator "NA RC"]
[PlyCount "48"]
[EventDate "2022.04.09"]
[EventCountry "IND"]
[SourceTitle "playchess.com"]
[Source "ChessBase"]
[SourceQuality "1"]
[TimeControl "5400+30"]

1. d4 Nf6 2. Bf4 d5 3. e3 c5 4. c3 Nc6 5. Nd2 Qb6 6. Qb3 c4 7. Qxb6 axb6 8. Ngf3 e6 9. Be2 b5 10. O-O b4 11. h3 Bd7 12. Ne5 Be7 13. Nxd7 Kxd7 14. Bf3 Ra5 15. e4 Rha8 16. exd5 exd5 17. Bg5 h6 18. Bxf6 Bxf6 19. Rfc1 Kd6 20. cxb4 Rxa2 21. Rxa2 Rxa2 22. Nxc4+ dxc4 23. Bxc6 bxc6 24. Rxc4 Rxb2 0-1

[Event "34th MPL National U12 Chess-ch 2022"]
[Site "Mysore"]
[Date "2022.04.09"]
[Round "2.1"]
[White "Joseph Tom"]
[Black "Adireddy Arjun"]
[Result "0-1"]
[ECO "B50"]
[WhiteElo "1227"]
[BlackElo "1796"]
[Annotator "NA RC"]
[PlyCount "66"]
[EventDate "2022.04.09"]
[EventCountry "IND"]
[SourceTitle "playchess.com"]
[Source "ChessBase"]
[SourceQuality "1"]
[TimeControl "5400+30"]

1. e4 c5 2. Nf3 d6 3. c3 Nf6 4. Be2 Nbd7 5. d3 g6 6. O-O Bg7 7. Nbd2 O-O 8. Re1 b6 9. Bf1 e5 10. d4 Bb7 11. d5 Ne8 12. g3 Nc7 13. c4 Bc8 14. Bg2 f5 15. Nf1 fxe4 16. Ng5 b5 17. Nxe4 Nb6 18. Bg5 Qd7 19. Nxc5 dxc5 20. d6 Ne6 21. Be7 Bb7 22. Bxf8 Rxf8 23. Bxb7 Qxb7 24. h4 Nd4 25. Nh2 Nxc4 26. b3 Nxd6 27. Re3 e4 28. Rc1 Bh6 29. Rxc5 Bxe3 30. fxe3 Nf3+ 31. Nxf3 exf3 32. Qxd6 f2+ 33. Kh2 Qh1+ 0-1

[Event "34th MPL National U12 Chess-ch 2022"]
[Site "Mysore"]
[Date "2022.04.09"]
[Round "2.2"]
[White "Vaz, Ethan"]
[Black "Anshul Panicker"]
[Result "1-0"]
[ECO "B16"]
[WhiteElo "1384"]
[BlackElo "1220"]
[Annotator "NA RC"]
[PlyCount "59"]
[EventDate "2022.04.09"]
[EventCountry "IND"]
[SourceTitle "playchess.com"]
[Source "ChessBase"]
[SourceQuality "1"]
[TimeControl "5400+30"]

1. e4 c6 2. d4 d5 3. Nc3 dxe4 4. Nxe4 Nf6 5. Nxf6+ gxf6 6. Nf3 Bf5 7. Bc4 e6 8. Qe2 Nd7 9. Nh4 Bg6 10. c3 Nb6 11. Bb3 Bd6 12. O-O Qc7 13. h3 O-O-O 14. Rd1 Bf4 15. Qf3 Bxc1 16. Raxc1 f5 17. c4 Qe7 18. Nxg6 fxg6 19. d5 c5 20. Qe3 Rhe8 21. dxe6 Rxd1+ 22. Rxd1 Qxe6 23. Qxc5+ Qc6 24. Qd4 Qe4 25. Qd2 a6 26. c5 Na8 27. Bf7 Rf8 28. Qd7+ Kb8 29. Qd6+ Ka7 30. Qxf8 1-0

[Event "34th MPL National U12 Chess-ch 2022"]
[Site "Mysore"]
[Date "2022.04.09"]
[Round "2.4"]
[White "Gaikwad Manas"]
[Black "Sai Abhinav Kuchibhotla"]
[Result "1-0"]
[ECO "C01"]
[WhiteElo "1698"]
[BlackElo "1194"]
[Annotator "NA RC"]
[PlyCount "107"]
[EventDate "2022.04.09"]
[EventCountry "IND"]
[SourceTitle "playchess.com"]
[Source "ChessBase"]
[SourceQuality "1"]
[TimeControl "5400+30"]

1. e4 e6 2. d4 d5 3. exd5 exd5 4. Bd3 Nc6 5. c3 Bd6 6. Qc2 Nf6 7. Bg5 h6 8. Bh4 O-O 9. Nd2 Bd7 10. Ne2 Re8 11. O-O-O Rb8 12. f3 b5 13. g4 b4 14. c4 Re3 15. Nb3 a5 16. cxd5 Ne7 17. Qd2 Nfxd5 18. Be4 g5 19. Bf2 Rxb3 20. axb3 a4 21. h4 Bf4 22. Nxf4 gxf4 23. Bb1 a3 24. Qd3 f5 25. gxf5 Bxf5 26. Qc4 Rb6 27. Rhg1+ Kh8 28. Bxf5 Rc6 29. Be6 Rxc4+ 30. bxc4 Nf6 31. d5 Qa8 32. Bd4 Qf8 33. bxa3 bxa3 34. Bc3 a2 35. d6 cxd6 36. Rxd6 Kh7 37. c5 Qb8 38. Bxa2 Qa7 39. Rxf6 Qa3+ 40. Bb2 Qxc5+ 41. Kd2 Qf2+ 42. Kc3 Qc5+ 43. Bc4 Nd5+ 44. Kd2 Qf2+ 45. Kd3 Qxf3+ 46. Kc2 Ne3+ 47. Kc1 Ng4 48. Rf7+ Kg6 49. Rg7+ Kh5 50. R7xg4 Qxg4 51. Rxg4 Kxg4 52. Bf6 f3 53. Kd2 Kg3 54. Ke3 1-0

[Event "34th MPL National U12 Chess-ch 2022"]
[Site "Mysore"]
[Date "2022.04.09"]
[Round "2.5"]
[White "Satyaki G Gokul"]
[Black "Tanmay Rajbongshi"]
[Result "0-1"]
[ECO "B32"]
[WhiteElo "1210"]
[BlackElo "1516"]
[Annotator "NA RC"]
[PlyCount "150"]
[EventDate "2022.04.09"]
[EventCountry "IND"]
[SourceTitle "playchess.com"]
[Source "ChessBase"]
[SourceQuality "1"]
[TimeControl "5400+30"]

1. e4 c5 2. Nf3 Nc6 3. d4 cxd4 4. Nxd4 e5 5. Nb5 a6 6. Nd6+ Bxd6 7. Qxd6 Qf6 8. Qxf6 Nxf6 9. Nc3 d5 10. exd5 Nb4 11. Bd3 Nxd3+ 12. cxd3 b5 13. a3 Bb7 14. O-O O-O 15. Re1 Rfe8 16. Ne4 Bxd5 17. Bg5 Nxe4 18. dxe4 Bc4 19. Be3 f6 20. Bc5 Rad8 21. Rad1 Bb3 22. Rd6 Rxd6 23. Bxd6 Rd8 24. Bb4 Kf7 25. Rc1 Kg6 26. f3 Bc4 27. Kf2 Rd3 28. Re1 Rb3 29. Bc3 a5 30. Bxa5 Rxb2+ 31. Kg3 h5 32. h4 Kf7 33. Rd1 g5 34. hxg5 fxg5 35. Rd2 Rb3 36. Bb4 Bd3 37. Kf2 Kf6 38. Rd1 g4 39. Bc5 h4 40. fxg4 Kg5 41. Be7+ Kf4 42. Bxh4 Bxe4 43. Bf6 Rb2+ 44. Ke1 Rxg2 45. Rd2 Rg1+ 46. Kf2 Rxg4 47. Re2 Rg6 48. Bh8 Rh6 49. Bg7 Rh3 50. Bf8 Bf3 51. Rd2 Be4 52. Rd7 Bf5 53. Rd5 Rh2+ 54. Ke1 Be4 55. Rxb5 Bd3 56. Rb4+ Kf3 57. Bd6 Re2+ 58. Kd1 e4 59. Rb8 Ra2 60. Rf8+ Kg4 61. Bc5 Be2+ 62. Kc1 Bf3 63. Rg8+ Kf5 64. Re8 Be2 65. Bd6 Bd3 66. Bb4 Kg4 67. Rg8+ Kf3 68. Bd2 e3 69. Bxe3 Kxe3 70. Re8+ Kd4 71. Rc8 Bc4 72. Rh8 Kc3 73. Kb1 Rxa3 74. Rc8 Ra7 75. Rc6 Rh7 0-1

[Event "34th MPL National U12 Chess-ch 2022"]
[Site "Mysore"]
[Date "2022.04.09"]
[Round "2.6"]
[White "Jain, Kushagra"]
[Black "Avyaya Kumara Bhat"]
[Result "1-0"]
[ECO "C96"]
[WhiteElo "1452"]
[BlackElo "1203"]
[Annotator "NA RC"]
[PlyCount "121"]
[EventDate "2022.04.09"]
[EventCountry "IND"]
[SourceTitle "playchess.com"]
[Source "ChessBase"]
[SourceQuality "1"]
[TimeControl "5400+30"]

1. e4 e5 2. Nf3 Nc6 3. Bb5 a6 4. Ba4 Nf6 5. O-O Be7 6. Re1 b5 7. Bb3 d6 8. c3 O-O 9. h3 Na5 10. Bc2 c5 11. d4 Nc6 12. d5 Nb8 13. Nbd2 Re8 14. Nf1 Nbd7 15. Ng3 g6 16. Be3 Bb7 17. Qd2 c4 18. Nh2 Qc7 19. Ng4 Nc5 20. Nh6+ Kf8 21. Nhf5 Bd8 22. Bxc5 Re6 23. dxe6 dxc5 24. Qh6+ Ke8 25. exf7+ Kxf7 26. Qg7+ Ke6 27. Qxc7 Bxc7 28. Ne3 h5 29. h4 Rf8 30. Rad1 Bd8 31. Nd5 Ng4 32. f3 Bxh4 33. fxg4 Bxg3 34. Rf1 Bf4 35. g3 Bh6 36. Rxf8 Bxf8 37. gxh5 gxh5 38. Kf2 Kf7 39. Ke2 Bc8 40. Rf1+ Kg7 41. Rf6 Bg4+ 42. Kf2 Be7 43. Rxa6 Bg5 44. Rb6 h4 45. gxh4 Bxh4+ 46. Kg2 Be2 47. Rxb5 Bg5 48. a4 Bg4 49. a5 Bc8 50. Rxc5 Ba6 51. Nb4 Be7 52. Nxa6 Bxc5 53. Nxc5 Kg6 54. a6 Kg5 55. a7 Kf4 56. Kf2 Kg4 57. a8=Q Kf4 58. Ne6+ Kg4 59. Qg8+ Kh4 60. Qg5+ Kh3 61. Qg3# 1-0

[Event "34th MPL National U12 Chess-ch 2022"]
[Site "Mysore"]
[Date "2022.04.10"]
[Round "3.1"]
[White "Adireddy Arjun"]
[Black "Ehaan Shaikh"]
[Result "1-0"]
[ECO "B36"]
[WhiteElo "1796"]
[BlackElo "1369"]
[Annotator "NA RC"]
[PlyCount "101"]
[EventDate "2022.04.09"]
[EventCountry "IND"]
[SourceTitle "playchess.com"]
[Source "ChessBase"]
[SourceQuality "1"]
[TimeControl "5400+30"]

1. e4 c5 2. Nf3 g6 3. d4 cxd4 4. Nxd4 Nc6 5. c4 Nf6 6. Nc3 d6 7. Be2 Nxd4 8. Qxd4 Bg7 9. Be3 O-O 10. Qd1 Bd7 11. f3 a5 12. a4 Bc6 13. Qd2 Nd7 14. b3 Nc5 15. Rb1 Qc8 16. O-O h5 17. Nd5 Bxd5 18. cxd5 Qb8 19. Rfc1 Qd8 20. Bb5 Kh7 21. Bxc5 dxc5 22. Rxc5 Qb6 23. Qf2 Rac8 24. Rc4 Rxc4 25. Qxb6 Bd4+ 26. Kf1 Bxb6 27. Bxc4 Bc5 28. f4 Kg7 29. Ke2 b6 30. Kd3 f6 31. Bb5 Rc8 32. Bc6 Kf8 33. Kc4 Rd8 34. b4 axb4 35. a5 Bd6 36. a6 Bb8 37. Rxb4 Ba7 38. e5 f5 39. Kb5 Rc8 40. Rd4 Rd8 41. d6 exd6 42. exd6 Kf7 43. Bb7 Ke6 44. d7 Ke7 45. Bc8 Rf8 46. Kc6 b5 47. Rd5 b4 48. Kb7 Bg1 49. a7 b3 50. a8=Q b2 51. Qa3+ 1-0

[Event "34th MPL National U12 Chess-ch 2022"]
[Site "Mysore"]
[Date "2022.04.10"]
[Round "3.2"]
[White "Mitul K H"]
[Black "Vaz, Ethan"]
[Result "0-1"]
[ECO "B92"]
[WhiteElo "1347"]
[BlackElo "1384"]
[Annotator "NA RC"]
[PlyCount "74"]
[EventDate "2022.04.09"]
[EventCountry "IND"]
[SourceTitle "playchess.com"]
[Source "ChessBase"]
[SourceQuality "1"]
[TimeControl "5400+30"]

1. e4 c5 2. Nf3 d6 3. d4 cxd4 4. Nxd4 Nf6 5. Nc3 a6 6. Be2 e5 7. Nf3 h6 8. Nd2 Nc6 9. a4 Nd4 10. Nc4 Be6 11. Ne3 Rc8 12. O-O Be7 13. f4 Nxe2+ 14. Qxe2 exf4 15. Rxf4 O-O 16. a5 Rc5 17. Nf5 Bxf5 18. Rxf5 Rxf5 19. exf5 d5 20. Be3 Re8 21. Qd3 Ng4 22. Bd4 Bc5 23. Bxc5 Qc7 24. Bf2 Qxh2+ 25. Kf1 Qh1+ 26. Bg1 Ne3+ 27. Ke2 Qxg2+ 28. Bf2 Nc4+ 29. Ne4 Rxe4+ 30. Qxe4 Qxe4+ 31. Kd1 Qh1+ 32. Be1 Qf3+ 33. Kc1 Qe2 34. Kb1 Qxe1+ 35. Ka2 Qb4 36. b3 Qa3+ 37. Kb1 Qb2# 0-1

[Event "34th MPL National U12 Chess-ch 2022"]
[Site "Mysore"]
[Date "2022.04.10"]
[Round "3.3"]
[White "Muthukumar, Mukesh"]
[Black "Gaikwad Manas"]
[Result "1-0"]
[ECO "E92"]
[WhiteElo "1287"]
[BlackElo "1698"]
[Annotator "NA RC"]
[PlyCount "129"]
[EventDate "2022.04.09"]
[EventCountry "IND"]
[SourceTitle "playchess.com"]
[Source "ChessBase"]
[SourceQuality "1"]
[TimeControl "5400+30"]

1. d4 Nf6 2. c4 g6 3. Nf3 Bg7 4. Nc3 O-O 5. e4 d6 6. Be2 e5 7. d5 Na6 8. Be3 Ng4 9. Bg5 Qe8 10. h3 Nf6 11. Bxf6 Bxf6 12. h4 Bg4 13. Nd2 Bxe2 14. Qxe2 Bg7 15. h5 f5 16. h6 Bh8 17. O-O-O Nc5 18. Rh3 a6 19. Rf1 Rb8 20. exf5 Rxf5 21. Nde4 Nxe4 22. Nxe4 b5 23. Ra3 Qc8 24. cxb5 Rxb5 25. Rd1 Rf4 26. Qc2 Qb7 27. g3 Rf7 28. Rad3 Bf6 29. Nxf6+ Rxf6 30. Qd2 Rb4 31. a3 Rc4+ 32. Kb1 Qb6 33. f3 Qb8 34. Rc1 Rxc1+ 35. Qxc1 Rf7 36. Qh1 Qf8 37. Ka2 Rf6 38. Kb3 Qf7 39. Kc3 c6 40. dxc6 d5 41. Qh3 Rxc6+ 42. Kd2 Qb7 43. b4 Qc7 44. Rxd5 Rc2+ 45. Kd1 Rc1+ 46. Ke2 Qc4+ 47. Rd3 e4 48. fxe4 Qc2+ 49. Ke3 Re1+ 50. Kd4 Qc6 51. Qh4 Qd6+ 52. Kc3 Qe5+ 53. Kd2 Rxe4 54. Rd8+ Kf7 55. Rd7+ Kg8 56. Qd8+ Qe8 57. Qxe8+ Rxe8 58. Rd6 Ra8 59. Kd3 Kf7 60. Kd4 Ke7 61. Kc5 a5 62. b5 Rf8 63. Rd3 Rf1 64. Kb6 a4 65. Ka7 1-0

[Event "34th MPL National U12 Chess-ch 2022"]
[Site "Mysore"]
[Date "2022.04.10"]
[Round "3.4"]
[White "Tanmay Rajbongshi"]
[Black "Sriram Adarsh Uppala"]
[Result "0-1"]
[ECO "B99"]
[WhiteElo "1516"]
[BlackElo "1345"]
[Annotator "NA RC"]
[PlyCount "92"]
[EventDate "2022.04.09"]
[EventCountry "IND"]
[SourceTitle "playchess.com"]
[Source "ChessBase"]
[SourceQuality "1"]
[TimeControl "5400+30"]

1. e4 c5 2. Nf3 d6 3. d4 cxd4 4. Nxd4 Nf6 5. Nc3 a6 6. Bg5 e6 7. f4 Be7 8. Qf3 Qc7 9. O-O-O Nbd7 10. Be2 b5 11. a3 Bb7 12. Qe3 Rc8 13. Bf3 h6 14. Bh4 g5 15. fxg5 Nh7 16. Bh5 hxg5 17. Nxe6 Qc4 18. Ng7+ Kd8 19. Rd4 gxh4 20. Qf2 Qc5 21. Bxf7 Qg5+ 22. Kb1 Qxg7 23. Bd5 Rf8 24. Qd2 Bf6 25. Bxb7 Bxd4 26. Bxc8 Kxc8 27. Nd5 Kb7 28. Rd1 Bc5 29. b4 Ba7 30. Nf4 Qf7 31. g3 hxg3 32. hxg3 Nb6 33. Qxd6 Bb8 34. Qh6 Rc8 35. Nd5 Rc6 36. Qh3 Rd6 37. Rf1 Qd7 38. Qh5 Nxd5 39. Rf7 Ne7 40. Qxh7 Rd1+ 41. Ka2 Qe6+ 42. Kb2 Qe5+ 43. c3 Rd2+ 44. Kb1 Bd6 45. Rf3 Re2 46. Rd3 Qe6 0-1

[Event "34th MPL National U12 Chess-ch 2022"]
[Site "Mysore"]
[Date "2022.04.10"]
[Round "3.5"]
[White "Vatsal Singla"]
[Black "Jain, Kushagra"]
[Result "0-1"]
[ECO "B22"]
[WhiteElo "1380"]
[BlackElo "1452"]
[Annotator "NA RC"]
[PlyCount "108"]
[EventDate "2022.04.09"]
[EventCountry "IND"]
[SourceTitle "playchess.com"]
[Source "ChessBase"]
[SourceQuality "1"]
[TimeControl "5400+30"]

1. e4 c5 2. d4 cxd4 3. c3 Nf6 4. e5 Nd5 5. Nf3 e6 6. cxd4 d6 7. Nc3 Nc6 8. exd6 Bxd6 9. Bc4 O-O 10. O-O Nxc3 11. bxc3 Qc7 12. Bd3 h6 13. Qe2 Ne7 14. c4 b6 15. Qe4 f5 16. Qe2 Bd7 17. Bb2 Ng6 18. g3 Rae8 19. Rfe1 Bc6 20. d5 exd5 21. Qc2 Rxe1+ 22. Rxe1 Qd7 23. Qb3 Bc5 24. cxd5 Bxd5 25. Bc4 Bxc4 26. Qxc4+ Kh7 27. Qc3 Rc8 28. Ne5 Qd5 29. Qc2 Qe6 30. Qd3 Bb4 31. Re2 Re8 32. Qd4 Qd6 33. Qe3 Nxe5 34. Bxe5 Qd1+ 35. Kg2 Qd5+ 36. f3 Bd6 37. Qf4 Rxe5 38. Rd2 Re2+ 39. Rxe2 Bxf4 40. gxf4 Qc4 41. Rf2 Qxf4 42. Rb2 Qd4 43. Re2 a5 44. Rf2 b5 45. Re2 b4 46. Rf2 a4 47. Re2 b3 48. axb3 axb3 49. f4 b2 50. h4 b1=Q 51. h5 Qbg1+ 52. Kh3 Qd3+ 53. Re3 Qdxe3+ 54. Kh4 Qeg3# 0-1

[Event "34th MPL National U12 Chess-ch 2022"]
[Site "Mysore"]
[Date "2022.04.10"]
[Round "3.6"]
[White "Mithiran A"]
[Black "Gandhi, Aakash"]
[Result "0-1"]
[ECO "C11"]
[WhiteElo "1338"]
[BlackElo "1698"]
[Annotator "NA RC"]
[PlyCount "52"]
[EventDate "2022.04.09"]
[EventCountry "IND"]
[SourceTitle "playchess.com"]
[Source "ChessBase"]
[SourceQuality "1"]
[TimeControl "5400+30"]

1. e4 e6 2. d4 d5 3. Nc3 Nf6 4. e5 Nfd7 5. Nce2 c5 6. c3 Nc6 7. f4 Be7 8. Nf3 f6 9. Ng3 cxd4 10. cxd4 fxe5 11. fxe5 O-O 12. Bd3 Qb6 13. Ne2 Kh8 14. Qb3 Bb4+ 15. Bd2 Bxd2+ 16. Nxd2 Qd8 17. O-O-O Nb6 18. Rhf1 Bd7 19. Bc2 Qh4 20. Qa3 Rfc8 21. Rf4 Qe7 22. Qh3 g5 23. Rf6 Nb4 24. Nc3 Na4 25. Rdf1 Nxc3 26. Rf7 Nbxa2# 0-1

[Event "34th MPL National U12 Chess-ch 2022"]
[Site "Mysore"]
[Date "2022.04.10"]
[Round "4.1"]
[White "Venkat, Raghav"]
[Black "Adireddy Arjun"]
[Result "1/2-1/2"]
[ECO "B30"]
[WhiteElo "2110"]
[BlackElo "1796"]
[Annotator "NA RC"]
[PlyCount "63"]
[EventDate "2022.04.09"]
[EventCountry "IND"]
[SourceTitle "playchess.com"]
[Source "ChessBase"]
[SourceQuality "1"]
[TimeControl "5400+30"]

1. e4 c5 2. Nf3 d6 3. d3 Nc6 4. g3 g6 5. Bg2 Bg7 6. c3 e5 7. Be3 Nge7 8. Na3 a6 9. O-O b5 10. d4 cxd4 11. cxd4 exd4 12. Nxd4 Bb7 13. Nac2 O-O 14. Rc1 Qd7 15. Qd2 Ne5 16. b3 f5 17. exf5 Bxg2 18. Kxg2 Nxf5 19. Nxf5 Qb7+ 20. f3 Rxf5 21. Nd4 Rf7 22. Bf4 Rc8 23. Rxc8+ Qxc8 24. Rc1 Rc7 25. Rxc7 Qxc7 26. Ne6 Qc6 27. Bxe5 Bxe5 28. Nd8 Qc5 29. Ne6 Qc6 30. Nd8 Qc5 31. Ne6 Qc6 32. Nd8 1/2-1/2

[Event "34th MPL National U12 Chess-ch 2022"]
[Site "Mysore"]
[Date "2022.04.10"]
[Round "4.2"]
[White "Vaz, Ethan"]
[Black "Adharsh K"]
[Result "1-0"]
[ECO "B07"]
[WhiteElo "1384"]
[BlackElo "1444"]
[Annotator "NA RC"]
[PlyCount "95"]
[EventDate "2022.04.09"]
[EventCountry "IND"]
[SourceTitle "playchess.com"]
[Source "ChessBase"]
[SourceQuality "1"]
[TimeControl "5400+30"]

1. e4 c5 2. c3 g6 3. d4 cxd4 4. cxd4 Bg7 5. Nc3 d6 6. h3 Nf6 7. Nf3 O-O 8. Bd3 Nc6 9. O-O b6 10. a3 Bb7 11. Be3 e6 12. Rc1 Rc8 13. b4 h6 14. Qa4 a6 15. Rfd1 b5 16. Qb3 Ne7 17. a4 bxa4 18. Qxa4 Qd7 19. Qa3 Rc6 20. Nd2 Rfc8 21. Qb2 Qc7 22. Ndb1 Qd7 23. b5 R6c7 24. bxa6 Bc6 25. Na3 d5 26. e5 Ne4 27. Ncb5 Bxb5 28. Nxb5 Rc6 29. a7 Rxc1 30. Rxc1 Nc6 31. Qa1 Ra8 32. Bxe4 dxe4 33. Qa6 Nb4 34. Qb6 Nd5 35. Qb8+ Qd8 36. Qb7 Bf8 37. Nc7 Nxc7 38. Rxc7 Qe8 39. Rxf7 Rc8 40. Rc7 Ra8 41. d5 exd5 42. Qxd5+ Kh8 43. Qf7 Qxf7 44. Rxf7 Bg7 45. e6 Kg8 46. Rd7 Kf8 47. e7+ Ke8 48. Rd8+ 1-0

[Event "34th MPL National U12 Chess-ch 2022"]
[Site "Mysore"]
[Date "2022.04.10"]
[Round "4.3"]
[White "Jain, Kushagra"]
[Black "Ayushman Mohanty"]
[Result "1-0"]
[ECO "C95"]
[WhiteElo "1452"]
[BlackElo "1480"]
[Annotator "NA RC"]
[PlyCount "145"]
[EventDate "2022.04.09"]
[EventCountry "IND"]
[SourceTitle "playchess.com"]
[Source "ChessBase"]
[SourceQuality "1"]
[TimeControl "5400+30"]

1. e4 e5 2. Nf3 Nc6 3. Bb5 a6 4. Ba4 Nf6 5. O-O Be7 6. Re1 b5 7. Bb3 d6 8. c3 O-O 9. h3 Nb8 10. d4 Nbd7 11. Nbd2 Bb7 12. Bc2 Re8 13. Nf1 Bf8 14. Ng3 g6 15. b3 Bg7 16. d5 Rc8 17. Be3 c6 18. c4 Nb6 19. Rb1 cxd5 20. cxd5 Nbxd5 21. exd5 Nxd5 22. Bd2 f5 23. Nxf5 gxf5 24. Bxf5 Nc3 25. Bxc3 Rxc3 26. Qd2 Rc7 27. Qe3 Qf6 28. Qd3 Bf8 29. Be4 Kh8 30. Bxb7 Rxb7 31. Rbc1 Qg6 32. Qxg6 hxg6 33. Rc6 Ra7 34. Ng5 Kg7 35. f4 Kf6 36. Ne4+ Ke6 37. Nxd6 Bxd6 38. Rxe5+ Kd7 39. Rxd6+ Kxd6 40. Rxe8 Kc5 41. f5 Rg7 42. fxg6 Rxg6 43. g4 Kb4 44. Kg2 Ka3 45. Re2 Rg5 46. Kg3 Rd5 47. h4 Rd3+ 48. Kf4 b4 49. h5 Rd4+ 50. Kf5 a5 51. g5 Rd5+ 52. Kf6 Rd6+ 53. Ke7 Rd5 54. Rg2 Re5+ 55. Kf6 Rc5 56. h6 Rc6+ 57. Ke5 Rc5+ 58. Kd6 Rc8 59. h7 Rd8+ 60. Ke7 Ra8 61. g6 Rh8 62. Kf6 a4 63. bxa4 b3 64. axb3 Rb8 65. g7 Rb6+ 66. Ke5 Rc6 67. h8=Q Rc5+ 68. Kd4 Rc4+ 69. bxc4 Kb3 70. Qb8+ Ka3 71. Qb2+ Kxa4 72. Qa2+ Kb4 73. Rb2# 1-0

[Event "34th MPL National U12 Chess-ch 2022"]
[Site "Mysore"]
[Date "2022.04.10"]
[Round "4.4"]
[White "Gandhi, Aakash"]
[Black "Darshan, V P S"]
[Result "1/2-1/2"]
[ECO "D35"]
[WhiteElo "1698"]
[BlackElo "1670"]
[Annotator "NA RC"]
[PlyCount "92"]
[EventDate "2022.04.09"]
[EventCountry "IND"]
[SourceTitle "playchess.com"]
[Source "ChessBase"]
[SourceQuality "1"]
[TimeControl "5400+30"]

1. d4 Nf6 2. c4 e6 3. Nc3 d5 4. cxd5 exd5 5. Bg5 c6 6. e3 Bf5 7. Bd3 Bxd3 8. Qxd3 Nbd7 9. Nge2 Bd6 10. f3 Qa5 11. O-O O-O 12. Bh4 c5 13. Bf2 Rfe8 14. Ng3 cxd4 15. exd4 Bxg3 16. Bxg3 a6 17. a3 b5 18. b4 Qb6 19. Nd1 Nh5 20. Ne3 Nxg3 21. hxg3 Qe6 22. Rae1 g6 23. Ng4 Qxe1 24. Rxe1 Rxe1+ 25. Kh2 Rc8 26. Ne3 Rcc1 27. g4 Nb6 28. g5 Kg7 29. Qd2 Nc4 30. Nxc4 bxc4 31. Qf4 c3 32. Qf6+ Kg8 33. Qd8+ Kg7 34. Qxd5 c2 35. Qc6 Re3 36. Qf6+ Kg8 37. Qd8+ Kg7 38. Qf6+ Kf8 39. Qh8+ Ke7 40. Qf6+ Kf8 41. Qh8+ Ke7 42. Qf6+ Kf8 43. Qh8+ Ke7 44. Qf6+ Kf8 45. Qh8+ Ke7 46. Qf6+ Kf8 1/2-1/2

[Event "34th MPL National U12 Chess-ch 2022"]
[Site "Mysore"]
[Date "2022.04.10"]
[Round "4.5"]
[White "Vignesh Kannan P"]
[Black "Aansh Nandan Nerurkar"]
[Result "0-1"]
[ECO "B76"]
[WhiteElo "1308"]
[BlackElo "1564"]
[Annotator "NA RC"]
[PlyCount "132"]
[EventDate "2022.04.09"]
[EventCountry "IND"]
[SourceTitle "playchess.com"]
[Source "ChessBase"]
[SourceQuality "1"]
[TimeControl "5400+30"]

1. e4 c5 2. Nf3 d6 3. d4 cxd4 4. Nxd4 Nf6 5. Nc3 g6 6. Be3 Bg7 7. f3 O-O 8. Qd2 Nc6 9. O-O-O Nxd4 10. Bxd4 Be6 11. g4 Qa5 12. Kb1 Rfc8 13. a3 Rab8 14. g5 Nh5 15. Bxg7 Nxg7 16. Nd5 Qxd2 17. Rxd2 Bxd5 18. Rxd5 Nh5 19. Bh3 Rc4 20. Bg4 Nf4 21. Rd2 Rc5 22. h4 h6 23. gxh6 Kh7 24. Bh3 Kxh6 25. Bf1 Kg7 26. Rg1 Rh8 27. Rg4 Nh5 28. Rh2 Nf6 29. Rg1 Rch5 30. Rgh1 d5 31. exd5 Nxd5 32. Bc4 Nf4 33. Re1 e6 34. Re4 Rxh4 35. Rd2 Rh1+ 36. Ka2 Nh5 37. Bb3 Nf6 38. Rc4 Nd5 39. Ra4 a6 40. Bxd5 Rd8 41. Rad4 Rxd5 42. Rxd5 exd5 43. Rxd5 Rf1 44. Rd3 Kf6 45. c4 Ke5 46. c5 g5 47. b4 f5 48. a4 g4 49. fxg4 fxg4 50. Rd7 g3 51. Rxb7 g2 52. Rg7 g1=Q 53. Rxg1 Rxg1 54. Kb3 Kd5 55. a5 Rg3+ 56. Ka4 Kc4 57. c6 Rg6 58. c7 Rc6 59. Ka3 Rxc7 60. Ka4 Rb7 61. Ka3 Rxb4 62. Ka2 Kc3 63. Ka3 Rb5 64. Ka2 Rxa5+ 65. Kb1 Ra3 66. Kc1 Ra1# 0-1